 Dungeon Crawl Stone Soup version 0.25-a0-246-g58704a1ebd (webtiles) character file.

Game seed: 10366831495287274962, levelgen mode: classic

200 Borgoz the Shield-Bearer (level 5, 0/37 HPs)
             Began as a Gargoyle Fighter on Dec 3, 2019.
             Was an Initiate of Okawaru.
             Slain by a gnoll
             ... wielding a +0 halberd
              (1 damage)
             ... on level 3 of the Dungeon.
             The game lasted 00:03:48 (1723 turns).

Borgoz the Shield-Bearer (Gargoyle Fighter)         Turns: 1723, Time: 00:03:49

Health: 0/37       AC: 11    Str: 25    XL:     5   Next: 79%
Magic:  0/4        EV:  8    Int:  9    God:    Okawaru [......]
Gold:   125        SH: 10    Dex:  9    Spells: 4/4 levels left

rFire    + . .     SeeInvis .   a - +0 flail
rCold    . . .     Gourm    .   c - +0 shield
rNeg     + . .     Faith    .   l - +0 ring mail (curse)
rPois    ∞         Spirit   +   (no helmet)
rElec    +         Reflect  .   k - +0 cloak (curse)
rCorr    .         Harm     .   (no gloves)
MR       .....                  (no boots)
Stlth    ..........             i - amulet of guardian spirit
HPRegen  0.12/turn              (no ring)
MPRegen  0.09/turn              (no ring)

@: mighty, lightly drained
A: fire resistance 1, low mp 1, negative energy resistance 1, robust 1,
screaming 1, electricity resistance, unbreathing, petrification resistance, rot
immunity, AC +4
a: Renounce Religion


You were on level 3 of the Dungeon.
You worshipped Okawaru.
Okawaru was noncommittal.
You were not hungry.

You visited 1 branch of the dungeon, and saw 3 of its levels.

You collected 125 gold pieces.

Inventory:

Hand Weapons
 a - a +0 flail (weapon)
Armour
 c - a +0 shield (worn)
 k - a cursed +0 cloak (worn)
 l - a cursed +0 ring mail (worn)
Jewellery
 i - an amulet of guardian spirit (around neck)
Scrolls
 e - a scroll of fog
Comestibles
 f - 5 rations
 g - 4 chunks of flesh


   Skills:
 + Level 4.4(4.1) Fighting
 + Level 3.3(3.0) Maces & Flails
 + Level 4.4(4.1) Armour
 + Level 4.4(4.1) Shields


You had 4 spell levels left.
You didn't know any spells.
Your spell library was empty.

Dungeon Overview and Level Annotations

Branches:
Dungeon (3/15)

Altars:
Cheibriados
Dithmenos
Hepliaklqana
Nemelex Xobeh
Okawaru
Qazlal
Xom
Yredelemnul
The Shining One


Innate Abilities, Weirdness & Mutations

You are resistant to torment.
Your stone body is resilient. (AC +4)
You are immune to poison.
You resist negative energy. (rN+)
You are resistant to electric shocks. (rElec)
You can survive without breathing.
You are immune to petrification.
You are immune to rotting.
Your flesh is heat resistant. (rF+)
Your magical capacity is low. (-10% MP)
You are robust. (+10% HP)
You occasionally shout uncontrollably at your foes.


Message History

It was a potion of mutation.
You feel extremely strange.
You feel resistant to heat.
You feel the urge to shout.
You feel less energetic.
You feel robust. The gnoll hits you.
* * * LOW HITPOINT WARNING * * *
The gnoll hits you from afar with a +0 halberd.
* * * LOW HITPOINT WARNING * * *
The gnoll hits you.
* * * LOW HITPOINT WARNING * * *
You aren't carrying any potions.
You hit the gnoll.
The gnoll is lightly wounded.
The gnoll hits you.
* * * LOW HITPOINT WARNING * * *
The gnoll hits you but does no damage. You block the gnoll's attack.
Okay, then.
You sock the gnoll!
The gnoll is severely wounded.
The gnoll hits you from afar with a +0 halberd.
You die...

*********
#.[...÷...#
*,,,,,,,*
#.........#
*,,,,,,,*
#.........#
****,,,,,,,*
#.........#
,,,,,,,,,,,*
#....>....#
****,,,,,,,*
###..######
*,,,,,,,* #....#
*,,,,,,,* #.#..#
****,,,,,,,*
#.#@##
,,,,,,,,,,,###)#g#
*****,,,*,*#gr.g.#
*,,.....g##r##
******,.....,*#.#
,,,,,,,....,,*#.#
*****,,...,,**..#
,,,,,,,..,,,**.##
,,,,,*,.,,,,*#.*


You could see 2 gnolls and a quokka.

Vanquished Creatures
  A black bear (D:3)
  A gnoll shaman (D:3)
  A gnoll (D:3)
  An adder (D:2)
  An ooze (D:1)
  A worm (D:2)
  A dart slug (D:1)
  2 leopard geckos
  A ball python (D:2)
  2 giant cockroaches (D:2)
  8 goblins
  3 hobgoblins
  7 jackals
  6 kobolds
  6 bats
  3 frilled lizards
  8 rats
53 creatures vanquished.

Notes
Turn   | Place    | Note
-------+----------+-------------------------------------------
     0 | D:1      | Borgoz the Gargoyle Fighter began the quest for the Orb.
     0 | D:1      | Reached XP level 1. HP: 14/14 MP: 1/1
   232 | D:1      | Reached XP level 2. HP: 15/19 MP: 2/2
   435 | D:1      | Reached XP level 3. HP: 23/23 MP: 3/3
  1193 | D:2      | Found a glowing golden altar of the Shining One.
  1202 | D:2      | Found a basalt altar of Yredelemnul.
  1275 | D:2      | Found a shimmering altar of Xom.
  1308 | D:2      | Reached XP level 4. HP: 29/29 MP: 4/4
  1346 | D:2      | Found an iron altar of Okawaru.
  1349 | D:2      | Found a snail-covered altar of Cheibriados.
  1352 | D:2      | Found a stormy altar of Qazlal.
  1357 | D:2      | Became a worshipper of Warmaster Okawaru
  1489 | D:2      | Found a sparkling altar of Nemelex Xobeh.
  1492 | D:2      | Found a shadowy altar of Dithmenos.
  1495 | D:2      | Found a hazy altar of Hepliaklqana.
  1639 | D:2      | Noticed an angel
  1702 | D:3      | Noticed a black bear
  1710 | D:3      | Killed a black bear
  1710 | D:3      | Reached XP level 5. HP: 28/34 MP: 2/5
  1720 | D:3      | Gained mutation: Your flesh is heat resistant. (rF+)
                  | [potion of mutation]
  1720 | D:3      | Gained mutation: You occasionally shout uncontrollably at
                  | your foes. [potion of mutation]
  1720 | D:3      | Gained mutation: Your magical capacity is low. (-10% MP)
                  | [potion of mutation]
  1720 | D:3      | Gained mutation: You are robust. (+10% HP) [potion of
                  | mutation]
  1722 | D:3      | HP: 1/37 [gnoll (1)]
  1723 | D:3      | Slain by a gnoll

Levels and vault maps discovered:
D:1:      moated_graveyard_arrival, layout_basic
D:2:      layout_rooms, grunt_temple_overflow_holy_war,
          lemuel_coloured_pillars_altar, grunt_temple_overflow_open,
          okawaru_gym_becter, first_ration
D:3:      layout_rooms, hangedman_decor_lopped

Skill      XL: |  1  2  3  4 |
---------------+-------------+-----
Fighting       | 4 |  4.4
Maces & Flails | 3 |  3.3
Armour         | 4 |  4.4
Shields        | 4 |  4.4

Action                   |  1- 3 |  4- 6 || total
-------------------------+-------+-------++-------
Melee: Flail             |   188 |    44 ||   232
  Use: Scroll            |     3 |     2 ||     5
       Potion            |       |     2 ||     2
  Eat: Chunk             |     2 |     1 ||     3
Armor: Scale mail        |   168 |    18 ||   186
       Ring mail         |       |    15 ||    15
Dodge: Dodged            |   109 |    25 ||   134
Block: Shield            |   155 |    25 ||   180

Table legend:
 A = Non-vault XP
 B = Vault XP
 C = Vault XP percentage of total XP
 D = Non-vault monster count
 E = Vault monster count
 F = Vault count percentage of total count
                 A         B        C        D         E       F
            +---------+---------+-------+---------+---------+-------
      Total |     287 |       0 |   0.0 |      53 |       0 |   0.0
            +---------+---------+-------+---------+---------+-------
        D:1 |      51 |       0 |   0.0 |      25 |       0 |   0.0
        D:2 |      51 |       0 |   0.0 |      22 |       0 |   0.0
        D:3 |     185 |       0 |   0.0 |       6 |       0 |   0.0
            +---------+---------+-------+---------+---------+-------
